 Dungeon Crawl Stone Soup version 0.28-a0-925-gd5e1996cdb (webtiles) character file.

Game seed: 7461802985449939433

511 Syader the Ducker (level 6, -10/47 HPs)
             Began as a Demonspawn Gladiator on Nov 26, 2021.
             Was an Initiate of Ru.
             Mangled by Menkaure (19 damage)
             ... on level 5 of the Dungeon.
             The game lasted 00:12:29 (5203 turns).

Syader the Ducker (Demonspawn Gladiator)            Turns: 5203, Time: 00:12:30

Health: -10/47     AC:  3    Str: 16    XL:     6   Next: 99%
Magic:  6/6        EV: 13    Int:  9    God:    Ru [......]
Gold:   146        SH:  0    Dex: 15    Spells: 5/5 levels left

rFire   . . .      SeeInvis .   o - +1 halberd
rCold   . . .      Faith    .   (shield currently unavailable)
rNeg    . . .      Spirit   .   b - +0 leather armour
rPois   .          Reflect  .   (helmet restricted)
rElec   .          Harm     .   (no cloak)
rCorr   .          Rampage  .   (no gloves)
Will    .....                   (no boots)
Stlth   +.........              (no amulet)
HPRegen 0.15/turn               (no ring)
MPRegen 0.10/turn               (no ring)

@: no status effects
A: claws 1, horns 1, demonic guardian 1
a: Renounce Religion


You were on level 5 of the Dungeon.
You worshipped Ru.
Ru was noncommittal.
You visited 2 branches of the dungeon, and saw 6 of its levels.

You collected 146 gold pieces.

Inventory:

Hand Weapons
 a - a +0 trident
 o - a +1 halberd (weapon)
Missiles
 d - a throwing net (quivered)
Armour
 b - a +0 leather armour (worn)
Wands
 h - a wand of polymorph (9)
Scrolls
 c - a scroll of holy word {unknown}
 j - 2 scrolls of teleportation
 m - a scroll of enchant weapon
 n - a scroll of brand weapon {unknown}
 q - a scroll of vulnerability {unknown}
Potions
 e - a potion of ambrosia {unknown}
 g - a potion of flight {unknown}
 i - a potion of lignification
 l - a potion of magic {unknown}
 p - a potion of berserk rage {unknown}


   Skills:
 + Level 3.0 Fighting
 - Level 2.8 Polearms
 - Level 1.8 Throwing
 - Level 4.0 Armour
 + Level 4.7 Dodging
 - Level 0.6 Stealth
 + Level 2.0 Unarmed Combat


You had 5 spell levels left.
You didn't know any spells.
Your spell library contained the following spells:

 Spells                   Type           Power      Damage    Failure   Level
 Summon Small Mammal      Summ           0%         N/A       43%         1
 Call Canine Familiar     Summ           0%         N/A       82%         3
 Summon Guardian Golem    Hex/Summ       0%         N/A       82%         3
 Cause Fear               Hex            0%         N/A       99%         4
 Dragon Form              Tmut           0%         N/A       100%        7
 Dragon's Call            Summ           0%         N/A       100%        9


Dungeon Overview and Level Annotations

Branches:
Dungeon (5/15)             Temple (1/1) D:4

Altars:
Ashenzari
Dithmenos
Elyvilon
Fedhas
Hepliaklqana
Kikubaaqudgha
Makhleb
Nemelex Xobeh
Qazlal
Ru
Sif Muna
Trog
Uskayaw
Vehumet
Wu Jian
Xom
Yredelemnul
Zin
The Shining One

Annotations:
D:5 Menkaure


Innate Abilities, Weirdness & Mutations

You have sharp fingernails.
You have a pair of small horns on your head.
A weak demonic guardian rushes to your aid.


Message History

The puff of frost hits the scorpion!
The scorpion dies!
Training target 4.0 for Armour reached!
Your Fighting skill increases to level 3!
Your Armour skill increases to level 4!
You start resting.
Your white imp disappears in a puff of smoke!
Your transformation is almost over.
You start resting.
You feel less wooden.
Your +0 leather armour unmelds from your body.
You start resting.
HP restored.
Okay, then.
You don't know any spells.
Unknown command.
You don't know any spells.
There is an open door here.
There is a stone staircase leading down here.
You climb downwards.
There is a stone staircase leading up here.
Menkaure calls on the powers of darkness!
Your body is wracked with pain!
Menkaure gestures wildly while chanting.
Menkaure seems to speed up.
Reach: o) +1 halberd
Press: ? - help, Dir - move target, f - Menkaure
Aim: Menkaure (fast, about 29% to evade your +1 halberd)
You reach to attack!
You closely miss Menkaure. Menkaure hits you!
* * * LOW HITPOINT WARNING * * *
A demonic guardian appears!
You hit Menkaure. You headbutt Menkaure.
Menkaure is moderately damaged.
Your ufetubus hits Menkaure. x2; Menkaure barely misses you.
Your ufetubus barely misses Menkaure.
Your ufetubus hits Menkaure. You hit Menkaure. Your headbutt misses Menkaure.
Menkaure is severely damaged.
Your ufetubus hits Menkaure.
Your ufetubus barely misses Menkaure.
Menkaure hits you!!
You die...

.. ..... .....
###########.....
#...............
#...............
#...5M@.........
#...............
#.......<.......
#...............
#..........#####
#.....#.#..#
#.....#.#...#
##..###.###.#
#.# #.# ##


You could see Menkaure (fast, ally target) and a friendly ufetubus (summoned).

Vanquished Creatures
  A crimson imp (D:3)
  A hound (D:4)
  Robin (D:2)
  4 adders
  An adder skeleton (D:4)
  2 worms
  A dart slug (D:4)
  2 orcs
  4 bats
  5 endoplasms
  2 giant cockroaches
  11 goblins
  10 hobgoblins
  3 jackals (D:4)
  6 kobolds
  7 quokkas
  8 ball pythons
  5 frilled lizards
  10 rats
84 creatures vanquished.

Vanquished Creatures (collateral kills)
  An ice beast (D:3)
  An ogre (D:4)
  2 scorpions
  An adder (D:3)
  A worm (D:2)
6 creatures vanquished.

Grand Total: 90 creatures vanquished

Notes
Turn   | Place    | Note
-------+----------+-------------------------------------------
     0 | D:1      | Syader the Demonspawn Gladiator began the quest for the
                  | Orb.
     0 | D:1      | Reached XP level 1. HP: 16/16 MP: 1/1
   365 | D:1      | Discovered your monstrous ancestry.
   365 | D:1      | Gained mutation: You have sharp fingernails. [demonic
                  | ancestry]
   365 | D:1      | Reached XP level 2. HP: 22/22 MP: 2/2
   611 | D:1      | Found a faded altar of an unknown god.
   854 | D:2      | Gained mutation: A weak demonic guardian rushes to your
                  | aid. [demonic ancestry]
   854 | D:2      | Reached XP level 3. HP: 18/27 MP: 3/3
  1065 | D:2      | Reached skill level 1 in Unarmed Combat
  1432 | D:2      | Noticed Robin
  1804 | D:2      | Killed Robin
  1805 | D:2      | Reached skill level 1 in Armour
  1805 | D:2      | Reached XP level 4. HP: 15/33 MP: 4/4
  2291 | D:3      | Noticed an ice beast
  2311 | D:3      | Killed an ice beast
  2312 | D:3      | Gained mutation: You have a pair of small horns on your
                  | head. [demonic ancestry]
  2312 | D:3      | Reached XP level 5. HP: 13/38 MP: 5/5
  2669 | D:3      | Noticed Grinder
  2675 | D:3      | Noticed Grinder
  2675 | D:3      | Grinder changed into Grinder the crimson imp
  2687 | D:3      | Killed Grinder the crimson imp
  2913 | D:3      | Reached XP level 6. HP: 22/46 MP: 6/6
  4126 | D:4      | Found a staircase to the Ecumenical Temple.
  4150 | Temple   | Entered the Ecumenical Temple
  4234 | Temple   | Became a worshipper of Ru the Awakened
  4870 | D:5      | Entered Level 5 of the Dungeon
  4887 | D:4      | HP: 3/69 [poisoned by a scorpion]
  5196 | D:5      | Noticed Menkaure
  5203 | D:5      | Mangled by Menkaure

Illustrated notes

Levels and vault maps discovered:
D:1:      dpeg_arrival_rhombi, layout_basic, chequers_ecumenical_altar_island
D:2:      layout_rooms, minmay_pentomino_o2, uniq_robin
D:3:      layout_loops_corners, due_unseen_surprise, uniq_grinder
D:4:      layout_basic, minmay_temple_entry_sparse_star, nrook_loot_triangle
D:5:      layout_basic, hex_intersection, kennysheep_generic_room_16,
          uniq_menkaure
Temple:   mainiacjoe_temple_bowtie_tessellation

Skill      XL: |  1  2  3  4  5  6 |
---------------+-------------------+-----
Dodging        | 3 4 |  4.7
Unarmed Combat | 1 2 |  2.0
Armour         | 1 2 3 4 |  4.0
Fighting       | 3 |  3.0
Polearms       | |  2.8
Throwing       | |  1.8
Stealth        | |  0.6

Action                   |  1- 3 |  4- 6 || total
-------------------------+-------+-------++-------
Melee: Trident           |   147 |   117 ||   264
       Punch             |     1 |     1 ||     2
       Headbutt          |       |    15 ||    15
       Halberd           |       |    17 ||    17
Throw: Throwing net      |     2 |       ||     2
Evoke: Wand              |       |     1 ||     1
  Use: Scroll            |       |     5 ||     5
       Potion            |       |     2 ||     2
 Stab: Sleeping          |     5 |     5 ||    10
       Held in net/web   |     1 |       ||     1
Armor: Leather armour    |    40 |    17 ||    57
       Skin              |       |     3 ||     3
Dodge: Dodged            |    67 |    63 ||   130

Table legend: (Time is in decaauts)
 A = Elapsed time spent in this place.
 B = Non-inter-level travel time spent in this place.
 C = Inter-level travel time spent in this place.
 D = Time resting spent in this place.
 E = Time spent auto-exploring this place.
 F = Levels seen in this place.
 G = Mean time per level.
                   A        B        C        D        E       F      G
               +--------+--------+--------+--------+--------+-----+--------+
         Total |   5260 |   5088 |    172 |   2076 |   2179 |   6 |  876.7 |
       Dungeon |   5114 |   4953 |    161 |   2076 |   2064 |   5 | 1022.8 |
        Temple |    145 |    134 |     11 |      0 |    115 |   1 |  145.0 |
               +--------+--------+--------+--------+--------+-----+--------+

Top non-repeatable levels by time:
     D:4: 1532 daAuts
     D:3: 1403 daAuts
     D:2: 1116 daAuts
     D:1: 1040 daAuts
  Temple: 145 daAuts
     D:5: 21 daAuts
